 Dungeon Crawl Stone Soup version 0.25.0-9-g26727b6 (webtiles) character file.

Game seed: 932674760636285385

281 ratboy the Chopper (level 6, 0/53 HPs)
             Began as a Hill Orc Fighter on June 18, 2020.
             Was an Initiate of Beogh.
             Killed from afar by an orc wizard (10 damage)
             ... with a puff of flame
             ... on level 3 of the Dungeon.
             The game lasted 00:07:37 (3962 turns).

ratboy the Chopper (Hill Orc Fighter)               Turns: 3962, Time: 00:07:38

Health: 0/53       AC:  8    Str: 21    XL:     6   Next: 27%
Magic:  6/6        EV:  7    Int:  8    God:    Beogh [......]
Gold:   95         SH: 10    Dex: 10    Spells: 5/5 levels left

rFire    . . .     SeeInvis .   a - +0 war axe
rCold    . . .     Gourm    .   c - +0 kite shield
rNeg     . . .     Faith    .   b - +0 scale mail
rPois    .         Spirit   .   (no helmet)
rElec    .         Reflect  .   (no cloak)
rCorr    .         Harm     .   s - +0 pair of gloves
MR       .....                  (no boots)
Stlth    ..........             (no amulet)
HPRegen  0.17/turn              (no ring)
MPRegen  0.10/turn              (no ring)

@: no status effects
A: no striking features
a: Renounce Religion


You were on level 3 of the Dungeon.
You worshipped Beogh.
Beogh was noncommittal.
You were not hungry.

You visited 1 branch of the dungeon, and saw 4 of its levels.

You collected 95 gold pieces.

Inventory:

Hand Weapons
 a - a +0 war axe (weapon)
Missiles
 h - 73 stones
 r - 3 silver javelins (quivered)
 y - 8 atropa-tipped darts
 z - 24 poisoned darts
Armour
 b - a +0 scale mail (worn)
 c - a +0 kite shield (worn)
 s - a +0 pair of gloves (worn)
Jewellery
 o - an uncursed ring of resist corrosion {unknown}
Wands
 w - a wand of iceblast (19)
Scrolls
 g - a scroll of remove curse {unknown}
 i - 4 scrolls of teleportation {unknown}
 j - 4 scrolls of identify {unknown}
 k - 2 scrolls of enchant armour {unknown}
 l - a scroll of amnesia {unknown}
 m - a scroll of fog {unknown}
 t - 2 scrolls of blinking {unknown}
 v - a scroll of random uselessness {unknown}
 x - a scroll of noise {unknown}
Potions
 d - a potion of might
 e - 2 potions of curing {unknown}
 n - a potion of resistance {unknown}
 p - a potion of lignification {unknown}
 q - a potion of cancellation {unknown}
 u - a potion of heal wounds {unknown}
 A - 2 potions of stabbing {unknown}
Comestibles
 f - 5 rations
 B - 4 chunks of flesh


   Skills:
 + Level 4.6 Fighting
 * Level 5.8 Axes
 - Level 3.2 Armour
 * Level 5.4 Shields
 + Level 0.3 Invocations


You had 5 spell levels left.
You didn't know any spells.
Your spell library was empty.

Dungeon Overview and Level Annotations

Branches:
Dungeon (4/15)
 Temple: D:4-7

Altars:
Fedhas
Nemelex Xobeh
Yredelemnul


Message History

You kill the orc priest!
Beogh accepts your kill.
Beogh appreciates your killing of a heretic priest.
Your shield and scale mail prevent you from hitting the orc wizard.
The orc wizard casts a spell at you. The puff of frost hits you!
* * * LOW HITPOINT WARNING * * *
The orc wizard hits you but does no damage.
You closely miss the orc wizard.
The orc wizard is severely wounded.
The orc wizard gestures at you while chanting.
The puff of flame hits you.
* * * LOW HITPOINT WARNING * * *
You block the orc wizard's attack.
You closely miss the orc wizard.
The orc wizard is severely wounded.
The orc wizard points at you and mumbles some strange words.
The puff of flame hits you!
You die...
Beogh appreciates the orc wizard's killing of a heretic priest.

#..........##...#
#...........#...#
#>..........#...# #####
#...........#...# #...#
########.##)#...# #...#
#.##.#...# #...# #.##.....#
#...###
######.####†o.#########......
#.........#o...............##
#.........#)###########....#.
#.........#.# #......#.
######.####.# #.#.####.
#.####.#################
#.#...........# #......
#.#.###.#####.####...)..
########...#...)...#...........
#......#####.......#.####......


You could see an orc wizard (fast).

Vanquished Creatures
  A scorpion (D:3)
  An orc priest (D:3)
  An iguana (D:3)
  6 gnolls
  3 adders (D:2)
  An ooze (D:2)
  2 worms (D:3)
  A dart slug (D:2)
  A leopard gecko (D:3)
  4 orcs (D:3)
  2 bats
  A giant cockroach (D:3)
  2 gnoll zombies (D:3)
  6 hobgoblins
  17 jackals
  A ball python (D:1)
  5 frilled lizards
  7 goblins
  10 kobolds
  10 rats
82 creatures vanquished.

Vanquished Creatures (others)
  A kobold (D:3)
1 creature vanquished.

Grand Total: 83 creatures vanquished

Notes
Turn   | Place    | Note
-------+----------+-------------------------------------------
     0 | D:1      | ratboy the Hill Orc Fighter began the quest for the Orb.
     0 | D:1      | Reached XP level 1. HP: 19/19 MP: 1/1
   281 | D:1      | Reached XP level 2. HP: 23/26 MP: 2/2
   705 | D:1      | Reached XP level 3. HP: 26/31 MP: 3/3
  1650 | D:1      | Reached XP level 4. HP: 31/40 MP: 4/4
  2414 | D:2      | Found a sparkling altar of Nemelex Xobeh.
  2697 | D:2      | Reached XP level 5. HP: 46/46 MP: 5/5
  3207 | D:3      | Reached skill level 5 in Axes
  3319 | D:3      | Found a blossoming altar of Fedhas.
  3365 | D:3      | Reached skill level 5 in Shields
  3469 | D:3      | Became a worshipper of Beogh the Brigand
  3794 | D:3      | Reached XP level 6. HP: 52/53 MP: 6/6
  3798 | D:3      | Found a basalt altar of Yredelemnul.
  3962 | D:3      | Killed from afar by an orc wizard

Illustrated notes

Levels and vault maps discovered:
D:1:      arrival_zaba_pyramid, layout_basic
D:2:      layout_basic, minmay_misc_feat_cross,
          nemelex_xobeh_ov_fountains_minmay
D:3:      layout_basic, lemuel_zombie_altar_yredelemnul, hex_large,
          fedhas_altar_1
D:4:      layout_basic, serial_shops, shop, first_ration, minmay_door_square,
          guppyfry_shop_venom, uniq_natasha, uniq_menkaure

Skill      XL: |  1  2  3  4  5 |
---------------+----------------+-----
Axes           | 3 4 5 |  5.8
Shields        | 4 5 |  5.4
Fighting       | 4 |  4.6
Armour         | |  3.2
Invocations    | |  0.3

Action                   |  1- 3 |  4- 6 || total
-------------------------+-------+-------++-------
Melee: War axe           |   115 |   173 ||   288
Throw: Stone             |       |     3 ||     3
       Dart              |       |     3 ||     3
       Javelin           |       |     1 ||     1
Invok: Convert to Beogh  |       |     1 ||     1
  Eat: Chunk             |     2 |     8 ||    10
Armor: Scale mail        |    47 |    65 ||   112
Dodge: Dodged            |    29 |    56 ||    85
Block: Kite shield       |    62 |    97 ||   159
